 Dungeon Crawl Stone Soup version 0.30-a0-743-gbfdf073431 (webtiles) character file.

Game seed: 3852731130285244849

1003 DEFE the Cleaver (level 8, 0/58 HPs)
             Began as a Formicid Fighter on Feb 8, 2023.
             Slain by a gnoll sergeant
             ... wielding a +0 spear
              (9 damage)
             ... on level 5 of the Dungeon.
             The game lasted 00:05:15 (4323 turns).

DEFE the Cleaver (Formicid Fighter)                 Turns: 4323, Time: 00:05:16

Health: 0/58       AC:  9    Str: 23    XL:     8   Next: 43%
Magic:  8/8        EV:  7    Int:  8    God:
Gold:   237        SH:  5    Dex: 13    Spells: 7/7 levels left

rFire   . . .      SeeInvis +    x - +2 dagger (elec)
rCold   . . .      Faith    .    c - +0 buckler
rNeg    . . .      Spirit   .    y - +0 chain mail
rPois   .          Reflect  .    (helmet unavailable)
rElec   .          Harm     .    (no cloak)
rCorr   .          Rampage  .    (no gloves)
Will    .....                    (no boots) Stlth
                                 (no amulet)
HPRegen 0.29/turn                (no ring)
MPRegen 0.11/turn                (no ring)

@: no status effects
A: permanent stasis, dig shafts and tunnels, antennae 3, four strong arms
a: Dig, Shaft Self


You were on level 5 of the Dungeon.
You visited 2 branches of the dungeon, and saw 6 of its levels.
You also visited: Sewer.

You collected 237 gold pieces.

Inventory:

Hand Weapons
 a - a +0 war axe
 x - a +2 dagger of electrocution (weapon)
Armour
 b - a +0 scale mail
 c - a +0 buckler (worn)
 y - a +0 chain mail (worn)
Wands
 B - a wand of digging (5)
Scrolls
 g - a scroll of torment {unknown}
 h - 5 scrolls of identify {unknown}
 i - 3 scrolls of immolation {unknown}
 k - a scroll of acquirement {unknown}
 m - a scroll of teleportation {unknown}
 o - 2 scrolls of fog {unknown}
 q - a scroll of silence {unknown}
 r - a scroll of summoning {unknown}
 t - 2 scrolls of enchant armour {unknown}
 u - a scroll of amnesia {unknown}
 v - 2 scrolls of vulnerability {unknown}
 A - a scroll of magic mapping {unknown}
Potions
 d - a potion of might
 e - a potion of lignification {unknown}
 f - 2 potions of curing {unknown}
 j - 3 potions of heal wounds
 l - 4 potions of attraction {unknown}
 n - 2 potions of berserk rage {unknown}
 p - 3 potions of magic {unknown}
 s - a potion of experience {unknown}
 w - a potion of resistance {unknown}
 z - a potion of haste {unknown}
 C - a potion of brilliance {unknown}
 D - a potion of mutation {unknown}
 E - a potion of flight {unknown}


   Skills:
 - Level 3.2 Fighting
 + Level 9.5 Axes
 - Level 3.2 Armour
 - Level 4.0 Shields


You had 7 spell levels left.
You didn't know any spells.
Your spell library contained the following spells:

 Spells                   Type           Power      Damage    Failure   Level
 Freeze                   Ice            0%         1d3       99%         1
 Frozen Ramparts          Ice            0%         1d1       100%        3
 Gell's Gravitas          Tloc           0%         N/A       100%        3
 Hailstorm                Conj/Ice       0%         3d3       100%        3
 Kindle Blastsparks       Fire/Tloc/Air  0%         2d10      100%        3
 Teleport Other           Tloc           0%         N/A       100%        3
 Fulminant Prism          Conj/Hex       0%         3d5       100%        4
 Iskenderun's Mystic Bla  Conj/Tloc      0%         2d3       100%        4
 Lee's Rapid Deconstruct  Erth           0%         3d4*      100%        5
 Dispersal                Tloc           0%         N/A       100%        6


Dungeon Overview and Level Annotations

Branches:
Dungeon (5/15)             Temple (1/1) D:4           Sewer (visited)

Altars:
Ashenzari
Elyvilon
Fedhas
Gozag
Hepliaklqana
Kikubaaqudgha
Qazlal
Ru
Sif Muna
Trog
Uskayaw
Vehumet
Wu Jian
Xom
Yredelemnul

Annotations:
D:5 Menkaure


Innate Abilities, Weirdness & Mutations

You cannot be hasted, slowed, berserked, paralysed or teleported.
You can dig through walls and to a lower floor.
You have a pair of large antennae on your head. (SInv)
Your four strong arms can wield two-handed weapons with a shield.


Message History

You take 4 damage, and have 31/58 hp.
You completely miss the gnoll sergeant. You block the gnoll sergeant's attack.
You hit the gnoll sergeant but do no damage.
The gnoll sergeant hits you but does no damage.
You hit the gnoll sergeant.
Lightning courses through the gnoll sergeant!
The gnoll sergeant barely misses you.
You hit the gnoll sergeant.
Lightning courses through the gnoll sergeant!
The gnoll sergeant hits you with a +0 spear!
You take 8 damage, and have 24/58 hp.
You are too injured to fight recklessly!
You are too injured to fight recklessly!
You are too injured to fight recklessly!
You are too injured to fight recklessly!
You are too injured to fight recklessly!
You are too injured to fight recklessly!
You are too injured to fight recklessly!
You are too injured to fight recklessly!
You are too injured to fight recklessly!
You are too injured to fight recklessly!
You are too injured to fight recklessly!
You are too injured to fight recklessly!
You are too injured to fight recklessly!
You are too injured to fight recklessly!
The gnoll sergeant blocks your attack.
The gnoll sergeant completely misses you.
You barely miss the gnoll sergeant.
The gnoll sergeant hits you with a +0 spear!
* * * LOW HITPOINT WARNING * * *
You take 9 damage, and have 15/58 hp.
You barely miss the gnoll sergeant.
The gnoll sergeant hits you with a +0 spear!
* * * LOW HITPOINT WARNING * * *
You take 6 damage, and have 9/58 hp.
You hit the gnoll sergeant but do no damage.
You block the gnoll sergeant's attack.
You hit the gnoll sergeant but do no damage.
The gnoll sergeant hits you with a +0 spear!
You die...

......o<..... ##..##.# .#
#..###...#...# #...#..#
#.. ...###.......#
...##..# #..
###....###......#
.......###.#
.......###.......
.#.....#..#
#.......#........
.........#
#............#...
.........#
#####g.......##.####.
.........####...@###....#
#.....##......##.# ...
##.#####....####.# # ###
##.##.###.# #####..###
###.# #.# ###


You could see a gnoll sergeant.

Vanquished Creatures
  Edmund (D:5)
  Pargi (Sewer)
  3 ogres
  A centaur (D:4)
  A phantom (D:5)
  A howler monkey (D:5)
  A hound (D:4)
  A jelly (D:5)
  An orc priest (D:4)
  Ijyb (D:4)
  2 orc wizards
  6 adders
  A gnoll (D:5)
  A worm (D:4)
  14 orcs
  8 ball pythons
  3 bats (D:1)
  10 endoplasms
  4 giant cockroaches
  3 goblins
  6 hobgoblins
  14 jackals
  8 kobolds
  3 quokkas
  13 frilled lizards
  3 rats
111 creatures vanquished.

Vanquished Creatures (others)
  21 plants (D:1)
21 creatures vanquished.

Grand Total: 132 creatures vanquished

Notes
Turn   | Place    | Note
-------+----------+-------------------------------------------
     0 | D:1      | DEFE the Formicid Fighter began the quest for the Orb.
     0 | D:1      | Reached XP level 1. HP: 18/18 MP: 1/1
    78 | D:1      | Reached XP level 2. HP: 17/24 MP: 2/2
   138 | D:1      | Reached skill level 3 in Axes
   226 | D:1      | Reached XP level 3. HP: 29/29 MP: 3/3
  1090 | D:2      | Reached skill level 4 in Axes
  1090 | D:2      | Reached XP level 4. HP: 32/35 MP: 4/4
  1153 | D:2      | Found a shimmering blue altar of Sif Muna.
  1548 | D:2      | Found a faded altar of an unknown god.
  1986 | D:3      | Reached XP level 5. HP: 41/41 MP: 5/5
  2000 | D:3      | Found a glowing drain.
  2011 | Sewer    | Entered a sewer
  2039 | Sewer    | Noticed Pargi
  2051 | Sewer    | Killed Pargi
  2052 | Sewer    | Reached skill level 5 in Axes
  2052 | Sewer    | Reached XP level 6. HP: 42/47 MP: 6/6
  2669 | D:4      | Reached skill level 6 in Axes
  2727 | D:4      | Found a staircase to the Ecumenical Temple.
  2742 | Temple   | Entered the Ecumenical Temple
  3098 | D:4      | Noticed Ijyb
  3110 | D:4      | Killed Ijyb
  3258 | D:4      | Noticed an ogre
  3285 | D:4      | Killed an ogre
  3286 | D:4      | Reached skill level 7 in Axes
  3286 | D:4      | Reached XP level 7. HP: 42/52 MP: 7/7
  3523 | D:4      | Found a blossoming altar of Fedhas.
  3524 | D:4      | Found an ancient bone altar of Kikubaaqudgha.
  3724 | D:5      | Entered Level 5 of the Dungeon
  3726 | D:5      | Noticed Menkaure
  3727 | D:5      | Noticed a wraith
  3739 | D:4      | Reached skill level 8 in Axes
  3891 | D:5      | Reached XP level 8. HP: 38/58 MP: 8/8
  4078 | D:5      | Reached skill level 9 in Axes
  4160 | D:5      | Noticed Edmund
  4177 | D:5      | Killed Edmund
  4323 | D:5      | Slain by a gnoll sergeant

Illustrated notes

Levels and vault maps discovered:
D:1:      wander_arrival_desolate, layout_basic, serial_bayou,
          serial_bayou_ford_a, serial_bayou_pond_a, serial_bayou_crossing,
          serial_bayou_lagoon_a, minmay_lizard_king
D:2:      layout_loops_ring, basic_altar,
          shapermc_ecumenical_altar_totnotflames, roderic_lattice_a
D:3:      layout_rooms, cheibrodos_sewer_entry_drain
D:4:      layout_rooms, grunt_temple_overflow_growth_and_decay,
          minmay_temple_entry_crystal_x, uniq_ijyb
D:5:      cheibrodos_fzero, layout_layer_cave, tso_altar,
          gammafunk_temple_overflow_pools, uniq_eustachio, uniq_sigmund,
          uniq_edmund, uniq_menkaure
Temple:   nicolae_temple_bog_church

Skill      XL: |  1  2  3  4  5  6  7  8 |
---------------+-------------------------+-----
Axes           | 3 4 5 7 8 9 |  9.5
Fighting       | |  3.2
Armour         | |  3.2
Shields        | |  4.0

Action                     |  1- 3 |  4- 6 |  7- 9 || total
---------------------------+-------+-------+-------++-------
  Melee: War axe           |   116 |    54 |       ||   170
         Dagger            |       |    76 |   137 ||   213
    Use: Potion            |       |       |     5 ||     5
 Armour: Scale mail        |    57 |    48 |       ||   105
         Chain mail        |       |    27 |    70 ||    97
  Dodge: Dodged            |    58 |    81 |    57 ||   196
  Block: Buckler           |    34 |    30 |    37 ||   101

Table legend: (Time is in decaauts)
 A = Elapsed time spent in this place.
 B = Non-inter-level travel time spent in this place.
 C = Inter-level travel time spent in this place.
 D = Time resting spent in this place.
 E = Time spent auto-exploring this place.
 F = Levels seen in this place.
 G = Mean time per level.
                   A        B        C        D        E       F      G
               +--------+--------+--------+--------+--------+-----+--------+
         Total |   4436 |   4226 |    210 |    496 |   2831 |   7 |  633.7 |
       Dungeon |   4073 |   3884 |    189 |    496 |   2537 |   5 |  814.6 |
        Temple |    221 |    200 |     21 |      0 |    187 |   1 |  221.0 |
         Sewer |    142 |    142 |      0 |      0 |    106 |   1 |  142.0 |
               +--------+--------+--------+--------+--------+-----+--------+

Top non-repeatable levels by time:
     D:1: 1135 daAuts
     D:4: 1010 daAuts
     D:2: 820 daAuts
     D:3: 606 daAuts
     D:5: 499 daAuts
  Temple: 221 daAuts
   Sewer: 142 daAuts
